 Dungeon Crawl Stone Soup version 0.29-a0-323-g050149af67 (webtiles) character file.

Game seed: 8009589419050427998

124 Jortsu the Shooter (level 5, 0/45 HPs)
             Began as a Hill Orc Hunter on Apr 10, 2022.
             Slain by an orc wizard
             ... wielding a +0 dagger
              (1 damage)
             ... on level 3 of the Dungeon.
             The game lasted 00:07:44 (2278 turns).

Jortsu the Shooter (Hill Orc Hunter)                Turns: 2278, Time: 00:07:44

Health: 0/45       AC:  4    Str: 14    XL:     5   Next: 8%
Magic:  5/5        EV: 12    Int:  9    God:
Gold:   116        SH:  5    Dex: 16    Spells: 4/4 levels left

rFire   + . .      SeeInvis .   a - +2 shortbow
rCold   + . .      Faith    .   (shield currently unavailable)
rNeg    + . .      Spirit   .   h - +2 robe {rC+ rF+}
rPois   .          Reflect  +   (no helmet)
rElec   .          Harm     .   (no cloak)
rCorr   .          Rampage  .   (no gloves)
Will    .....                   (no boots)
Stlth   ++........              k - amulet of reflection
HPRegen 0.15/turn               m - ring of positive energy
MPRegen 0.09/turn               (no ring)

@: no status effects
A: no striking features
a: no special abilities


You were on level 3 of the Dungeon.
You visited 1 branch of the dungeon, and saw 3 of its levels.

You collected 116 gold pieces.

Inventory:

Hand Weapons
 a - a +2 shortbow (weapon)
Armour
 h - a +2 robe of resistance (worn)
Jewellery
 e - a ring of magical power
 k - an amulet of reflection (around neck)
 m - a ring of positive energy (left hand)
Wands
 d - a wand of mindburst (16)
Scrolls
 l - a scroll of silence {unknown}
Potions
 b - a potion of brilliance {unknown}
 f - a potion of lignification {unknown}
 g - a potion of curing
 i - a potion of berserk rage {unknown}
 j - a potion of attraction {unknown}
 n - a potion of magic {unknown}


   Skills:
 + Level 3.2 Fighting
 + Level 5.1 Bows
 + Level 0.8 Armour
 + Level 1.8 Dodging
 + Level 0.8 Stealth


You had 4 spell levels left.
You didn't know any spells.
Your spell library contained the following spells:

 Spells                   Type           Power      Damage    Failure   Level
 Ignite Poison            Fire/Tmut/Pois 0%         N/A       77%         3
 Mephitic Cloud           Conj/Pois/Air  0%         N/A       77%         3
 Freezing Cloud           Conj/Ice/Air   0%         6-21      100%        5


Dungeon Overview and Level Annotations

Branches:
Dungeon (3/15)

Altars:
Fedhas
Xom
Zin


Message History

You block something's attack. Something hits you.
Shoot: a) +2 shortbow
Press: ? - help, Q - select action, (/) - cycle Shift-Dir - straight line, f/p - hound
Aim: a hound (moderately wounded, 56% to hit)
You shoot an arrow. The arrow completely misses the hound.
The hound bites you but does no damage. Something hits you but does no damage.
You hear some strange, mumbled words.
A puff of flame appears from out of thin air!
The puff of flame hits you. You resist.
* * * LOW HITPOINT WARNING * * *
The hound bites you.
* * * LOW HITPOINT WARNING * * *
Shoot: a) +2 shortbow
Press: ? - help, Q - select action, (/) - cycle Shift-Dir - straight line, f/p - hound
Aim: a hound (moderately wounded, 56% to hit)
You shoot an arrow. The arrow hits the hound.
The hound is moderately wounded.
The hound bites you.
* * * LOW HITPOINT WARNING * * *
Something hits you.
* * * LOW HITPOINT WARNING * * *
Something hits you but does no damage.
The hound pauses to sniff the ground.
The hound bites you but does no damage. Something completely misses you.
Something hits you.
* * * LOW HITPOINT WARNING * * *
Okay, then.
Really read the scroll of immolation?
Uppercase [Y]es or [N]o only, please.
Really read the scroll of immolation?
As you read the scroll of immolation, it crumbles to dust.
The creatures around you are filled with an inner flame!
The hound misses you. You block something's attack.
Something barely misses you. The hound bites you but does no damage.
Unknown command.
The hound attacks as you move away! The hound bites you.
* * * LOW HITPOINT WARNING * * *
Something hits you but does no damage.
Found 6 gold pieces.
Something hits you.
You die...

..$......
###.......
.......) ......#
#..# ..)..# .
#..# #....# ..
+..# #....# ..o
#..# #.@{.# ..o.
#..## #.h..#
.h..o #.>..
#..).#...g..
#....
####.)......
#.... #.#......
#....
#.##########|...
#...............
####........+...
#####........#...


You could see a hound (inner flame).

Vanquished Creatures
  Jessica (D:2)
  2 adders (D:2)
  2 worms (D:2)
  3 dart slugs
  2 orcs (D:3)
  5 bats
  7 endoplasms
  2 giant cockroaches (D:1)
  4 goblins
  7 hobgoblins
  4 jackals (D:3)
  2 quokkas (D:1)
  5 ball pythons
  3 frilled lizards
  9 kobolds
  6 rats
64 creatures vanquished.

Vanquished Creatures (others)
  A rat (D:3)
1 creature vanquished.

Grand Total: 65 creatures vanquished

Notes
Turn   | Place    | Note
-------+----------+-------------------------------------------
     0 | D:1      | Jortsu the Hill Orc Hunter began the quest for the Orb.
     0 | D:1      | Reached XP level 1. HP: 18/18 MP: 1/1
   198 | D:1      | Reached skill level 4 in Bows
   198 | D:1      | Reached XP level 2. HP: 25/25 MP: 2/2
   522 | D:1      | Reached XP level 3. HP: 30/30 MP: 3/3
  1119 | D:2      | Noticed Jessica
  1125 | D:2      | Killed Jessica
  1126 | D:2      | Reached XP level 4. HP: 28/37 MP: 4/4
  1467 | D:2      | Found a faded altar of an unknown god.
  1864 | D:2      | Reached skill level 5 in Bows
  2107 | D:3      | Found a shimmering altar of Xom.
  2108 | D:3      | Noticed an angel
  2111 | D:3      | Found a glowing silver altar of Zin.
  2127 | D:3      | Found a blossoming altar of Fedhas.
  2183 | D:3      | Reached XP level 5. HP: 44/45 MP: 5/5
  2277 | D:3      | HP: 1/45 [hound (3)]
  2278 | D:3      | Slain by an orc wizard

Illustrated notes

Levels and vault maps discovered:
D:1:      erik_arrival_cave_to_civilisation [erik_arrival_cave_to_hall],
          layout_basic, minmay_quantized
D:2:      layout_loops_corners, chequers_ecumenical_altar_grove,
          amcnicky_mini_rare_corridor_liquid, kennysheep_generic_room_16,
          uniq_jessica
D:3:      layout_basic, grunt_temple_overflow_order_and_chaos_1,
          mainiacjoe_overflow_catwalk, minivault_25, minmay_misc_feat_room,
          minmay_crystal_water, uniq_crazy_yiuf_cottage, uniq_ijyb

Skill      XL: |  1  2  3  4 |
---------------+-------------+-----
Bows           | 4 5 |  5.1
Fighting       | 3 |  3.2
Armour         | |  0.8
Dodging        | |  1.8
Stealth        | |  0.8

Action                   |  1- 3 |  4- 6 || total
-------------------------+-------+-------++-------
 Fire: Shortbow          |    82 |   105 ||   187
  Use: Scroll            |     2 |     5 ||     7
Armor: Leather armour    |    14 |       ||    14
       Robe              |       |    17 ||    17
Dodge: Dodged            |    21 |    41 ||    62
Block: Other             |       |    10 ||    10

Table legend: (Time is in decaauts)
 A = Elapsed time spent in this place.
 B = Non-inter-level travel time spent in this place.
 C = Inter-level travel time spent in this place.
 D = Time resting spent in this place.
 E = Time spent auto-exploring this place.
 F = Levels seen in this place.
 G = Mean time per level.
                   A        B        C        D        E       F      G
               +--------+--------+--------+--------+--------+-----+--------+
         Total |   2330 |   2218 |    112 |      0 |   1764 |   3 |  776.7 |
       Dungeon |   2330 |   2218 |    112 |      0 |   1764 |   3 |  776.7 |
               +--------+--------+--------+--------+--------+-----+--------+

Top non-repeatable levels by time:
     D:1: 1108 daAuts
     D:2: 1042 daAuts
     D:3: 178 daAuts
